 Dungeon Crawl Stone Soup version 0.28.0 (webtiles) character file.

Game seed: 2656546832221503743

1845 horus123 the Magician (level 8, -13/60 HPs)
             Began as a Demonspawn Gladiator on Feb 7, 2022.
             Mangled by Harold (25 damage)
             ... on level 7 of the Dungeon.
             The game lasted 00:15:44 (8367 turns).

horus123 the Magician (Demonspawn Gladiator)        Turns: 8367, Time: 00:15:44

Health: -13/60     AC:  8    Str: 14    XL:     8   Next: 88%
Magic:  9/16       EV: 19    Int:  9    God:
Gold:   369        SH:  0    Dex: 18    Spells: 12/18 levels left

rFire   . . .      SeeInvis .   a - +1 long sword
rCold   . . .      Faith    .   (no shield)
rNeg    . . .      Spirit   .   b - +0 leather armour
rPois   .          Reflect  .   c - +0 helmet
rElec   .          Harm     .   (cloak unavailable)
rCorr   .          Rampage  .   h - +2 pair of gloves
Will    .....                   B - +0 pair of boots
Stlth   +.........              (no amulet)
HPRegen 0.20/turn               g - +4 ring of evasion
MPRegen 0.15/turn               (no ring)

@: no status effects
A: repulsion field 1, demonic guardian 1, powered by death 1, weakness stinger 3
a: no special abilities


You were on level 7 of the Dungeon.
You visited 2 branches of the dungeon, and saw 8 of its levels.

You collected 369 gold pieces.

Inventory:

Hand Weapons
 a - a +1 long sword (weapon)
Missiles
 d - 3 throwing nets
Armour
 b - a +0 leather armour (worn)
 c - a +0 helmet (worn)
 h - a +2 pair of gloves (worn)
 j - a +0 ring mail
 B - a +0 pair of boots (worn)
Jewellery
 g - a +4 ring of evasion (left hand)
 r - an amulet of guardian spirit
Wands
 p - a wand of polymorph (8)
 u - a wand of acid (6)
 y - a wand of iceblast (6)
Scrolls
 n - a scroll of amnesia
 t - a scroll of summoning {unknown}
 v - a scroll of enchant armour
 w - a scroll of fear
 z - a scroll of magic mapping {unknown}
Potions
 e - 2 potions of resistance
 f - 3 potions of lignification
 i - a potion of berserk rage
 k - a potion of flight {unknown}
 l - a potion of attraction {unknown}
 m - a potion of brilliance {unknown}
 o - a potion of might {unknown}
 q - a potion of ambrosia {unknown}
 s - a potion of haste
 x - a potion of cancellation {unknown}
 C - a potion of magic {unknown}


   Skills:
 - Level 4.1 Fighting
 - Level 4.1 Long Blades
 - Level 1.7 Throwing
 - Level 4.0 Dodging
 - Level 5.7 Spellcasting
 - Level 5.3 Conjurations
 + Level 4.2 Air Magic


You had 12 spell levels left.
You knew the following spells:

 Your Spells              Type           Power      Damage    Failure   Level
a - Static Discharge      Conj/Air       11%        N/A       6%          2
b - Sticky Flame          Conj/Fire      7%         2d3       67%         4

Your spell library contained the following spells:

 Spells                   Type           Power      Damage    Failure   Level
 Sublimation of Blood     Necr           2%         N/A       41%         2
 Summon Guardian Golem    Hex/Summ       2%         N/A       65%         3
 Irradiate                Conj/Tmut      3%         3d15      95%         5
 Dispel Undead            Necr           2%         3d7       96%         4
 Petrify                  Tmut/Erth      2%         N/A       96%         4
 Orb of Destruction       Conj           6%         9d6       100%        7
 Spellforged Servitor     Conj/Summ      3%         N/A       100%        7


Dungeon Overview and Level Annotations

Branches:
Dungeon (7/15)             Temple (1/1) D:5

Altars:
Ashenzari
Elyvilon
Fedhas
Gozag
Hepliaklqana
Kikubaaqudgha
Nemelex Xobeh
Okawaru
Qazlal
Ru
Sif Muna
Trog
Vehumet
Xom
Yredelemnul
Zin
The Shining One

Annotations:
D:7 4 runed translucent doors, Harold


Innate Abilities, Weirdness & Mutations

You are surrounded by a mild repulsion field. (EV +2)
A weak demonic guardian rushes to your aid.
You regenerate a little health from kills.
You have a sharp stinger which inflicts weakening toxins.


Message History

The harpoon shot misses you.
There is a stone staircase leading down here.
Harold is struck by an arc of lightning!
Harold is lightly wounded.
The lightning grounds out.
Harold completely misses you.
Harold is struck by an arc of lightning.
Harold is lightly wounded.
You are struck by an arc of lightning.
Harold is struck by an arc of lightning!
Harold is moderately wounded.
The lightning grounds out.
Harold misses you.
Harold is struck by an arc of lightning.
Harold is moderately wounded.
You are struck by an arc of lightning.
The lightning grounds out.
Harold barely misses you.
You hit Harold.
Harold is moderately wounded.
Harold closely misses you.
You hit Harold but do no damage.
Harold is moderately wounded.
Harold hits you with a +4 war axe!
A demonic guardian appears!
Harold is struck by an arc of lightning!
Harold is heavily wounded.
The lightning grounds out.
Harold hits you with a +4 war axe!!
Harold hits your iron imp with a +4 war axe!
Your iron imp dies!
Your iron imp disappears in a puff of smoke!
You hit Harold but do no damage.
Harold is heavily wounded.
Harold hits you with a +4 war axe.
You hit Harold but do no damage. You tail-slap Harold, but do no damage.
Harold is heavily wounded.
Harold hits you with a +4 war axe!
* * * LOW HITPOINT WARNING * * *
Harold hits you with a +4 war axe!
* * * LOW HITPOINT WARNING * * *
You barely miss Harold.
Your tail-slap misses Harold.
Harold is heavily wounded.
Harold hits you with a +4 war axe!!
You die...

### ### #.###########.#
#...........#.#
#.#########.#.######
#.................).
########################.########
.................................
.....###################)########
####...........>@@...# #.# #..
####################.# #.# #.#
..........#.......# #.######..
#########.#.#####.# ###.....##
..........#.....#.###. #.....#
######...(.........#.. #.....#
#.....).......#.8 #.....#
#.............+≈≈ #.....#
######.............+.# #.....#


You could see Harold.

Vanquished Creatures
  An ice beast (D:6)
  An orc warrior (D:7)
  A sky beast (D:5)
  4 ogres
  A centaur (D:6)
  A phantom (D:4)
  A bullfrog (D:7)
  A gnoll sergeant (D:7)
  A wyvern zombie (D:6)
  2 scorpions
  2 water moccasin zombies (D:5)
  A water moccasin skeleton (D:6)
  An orc priest (D:3)
  A hound (D:6)
  2 jellies
  A gnoll shaman (D:5)
  An iguana (D:6)
  2 orc wizards
  A hound skeleton (D:4)
  9 adders
  6 gnolls
  A shadow imp (D:6)
  3 worms
  3 dart slugs
  9 orcs
  5 endoplasms
  11 giant cockroaches
  10 goblins
  3 hobgoblins
  7 jackals
  3 kobolds
  5 quokkas
  5 ball pythons
  6 bats
  A frilled lizard (D:2)
  5 rats
  A spectral orc (D:4)
119 creatures vanquished.

Vanquished Creatures (collateral kills)
  An ogre (D:7)
  An orc wizard (D:3)
  A gnoll (D:7)
  An orc (D:3)
  A ball python (D:2)
5 creatures vanquished.

Grand Total: 124 creatures vanquished

Notes
Turn   | Place    | Note
-------+----------+-------------------------------------------
     0 | D:1      | horus123 the Demonspawn Gladiator began the quest for the
                  | Orb.
     0 | D:1      | Reached XP level 1. HP: 16/16 MP: 1/1
   338 | D:1      | Gained mutation: A weak demonic guardian rushes to your
                  | aid. [demonic ancestry]
   338 | D:1      | Reached XP level 2. HP: 22/22 MP: 2/2
   689 | D:1      | Found a faded altar of an unknown god.
  1151 | D:2      | Found a shimmering altar of Xom.
  1219 | D:2      | Reached XP level 3. HP: 29/29 MP: 3/3
  1575 | D:2      | Noticed a scorpion
  1583 | D:2      | Killed a scorpion
  1584 | D:2      | Gained mutation: You regenerate a little health from kills.
                  | [demonic ancestry]
  1584 | D:2      | Reached XP level 4. HP: 27/35 MP: 4/4
  2006 | D:3      | Gained mutation: You have a small tail. [demonic ancestry]
  2006 | D:3      | Reached XP level 5. HP: 31/42 MP: 5/5
  2392 | D:3      | Learned a level 2 spell: Static Discharge
  2704 | D:3      | Reached skill level 1 in Spellcasting
  2838 | D:3      | Gained mutation: You have a tail ending in a sharp stinger.
                  | [demonic ancestry]
  2838 | D:3      | Reached XP level 6. HP: 48/48 MP: 9/9
  3425 | D:4      | Reached skill level 1 in Conjurations
  3564 | D:4      | Found a stormy altar of Qazlal.
  3572 | D:4      | Learned a level 4 spell: Sticky Flame
  4002 | D:4      | Found a basalt altar of Yredelemnul.
  4152 | D:5      | Entered Level 5 of the Dungeon
  4323 | D:5      | Found a staircase to the Ecumenical Temple.
  4335 | Temple   | Entered the Ecumenical Temple
  4951 | D:5      | Gained mutation: You have a sharp stinger which inflicts
                  | weakening toxins. [demonic ancestry]
  4951 | D:5      | Reached XP level 7. HP: 43/54 MP: 12/12
  5208 | D:6      | Reached skill level 5 in Conjurations
  5953 | D:5      | Gained mutation: You are surrounded by a mild repulsion
                  | field. (EV +2) [demonic ancestry]
  5953 | D:5      | Reached XP level 8. HP: 28/60 MP: 10/13
  6143 | D:6      | Reached skill level 1 in Air Magic
  6464 | D:6      | Reached skill level 5 in Spellcasting
  7372 | D:7      | Found a large runed translucent door.
  7372 | D:7      | Found a large runed translucent door.
  7696 | D:7      | Found a large runed translucent door.
  7696 | D:7      | Found a large runed translucent door.
  8355 | D:7      | Noticed Harold
  8367 | D:7      | Mangled by Harold

Illustrated notes

Levels and vault maps discovered:
D:1:      dpeg_arrival_central, layout_loops_corners,
          hellmonk_ecumenical_altar_leap_of_faith, lemuel_old_faithful
D:2:      minmay_evil_eye, layout_rooms, basic_altar, minmay_hexomino_p4
D:3:      layout_basic, lemuel_crystal_altar, grunt_ministairs_6
D:4:      layout_basic, mainiacjoe_overflow_paths,
          yredelemnul_forgotten_temple_becter, kennysheep_opposing_triangles
D:5:      layout_loops_cross, minmay_temple_entry_gardened_gates
D:6:      layout_cave_pools
D:7:      layout_basic, jmf_multi_god_temple2, nicolae_overflow_crystal_walls,
          ebering_ghost_disaster_area, uniq_harold
Temple:   nicolae_temple_figure_eight

Skill      XL: |  1  2  3  4  5  6  7  8 |
---------------+-------------------------+-----
Long Blades    | 3 4 |  4.1
Fighting       | 3 4 |  4.1
Dodging        | 4 |  4.0
Spellcasting   | 2 3 5 |  5.7
Conjurations   | 3 5 |  5.3
Air Magic      | 4 |  4.2
Throwing       | |  1.7

Action                   |  1- 3 |  4- 6 |  7- 9 || total
-------------------------+-------+-------+-------++-------
Melee: Long sword        |    89 |   204 |   129 ||   422
       Tailslap          |       |    26 |    23 ||    49
       Punch             |       |     3 |     5 ||     8
Throw: Throwing net      |     4 |     1 |     2 ||     7
 Cast: Static Discharge  |       |       |    37 ||    37
  Use: Scroll            |     2 |     8 |     6 ||    16
       Potion            |     1 |     1 |       ||     2
 Stab: Held in net/web   |     1 |     1 |       ||     2
       Sleeping          |       |     2 |     1 ||     3
       Distracted        |       |       |     1 ||     1
Armor: Leather armour    |    23 |    37 |    42 ||   102
       Ring mail         |       |     9 |       ||     9
Dodge: Dodged            |    64 |   170 |   166 ||   400
